 Dungeon Crawl Stone Soup version 0.22-a0-348-gd16d139 (webtiles) character file.

2874 grindst0ne the Martial Artist (level 9, 0/68 HPs)
             Began as a Gnoll Transmuter on Apr 11, 2018.
             Slain by a gargoyle
             ... wielding a +0 morningstar
              (26 damage)
             ... on level 7 of the Dungeon.
             The game lasted 00:10:40 (6424 turns).

grindst0ne the Martial Artist (Gnoll Transmuter)    Turns: 6424, Time: 00:10:41

Health: 0/68       AC:  2    Str: 12    XL:     9   Next: 76%
Magic:  17/19      EV: 26    Int: 22    God:
Gold:   411        SH:  0    Dex: 21    Spells: 10/21 levels left

rFire    . . .     SeeInvis .     - Unarmed
rCold    . . .     Gourm    .   (shield currently unavailable)
rNeg     . . .     Faith    .   (armour currently unavailable)
rPois    x         Spirit   .   (helmet currently unavailable)
rElec    .         Reflect  .   (cloak currently unavailable)
rCorr    .         Harm     .   (gloves currently unavailable)
MR       .....                  (boots currently unavailable)
Stlth    +++.......             f - amulet of rage
HPRegen  0.21/turn              t - +3 ring of intelligence
MPRegen  0.16/turn              q - ring of flight

@: spider-form
A: tiny, distributed training, strong nose
a: End Transformation, Evoke Berserk Rage, Evoke Flight


You were on level 7 of the Dungeon.
You were very hungry.
You were a venomous arachnid creature.
You visited 1 branch of the dungeon, and saw 7 of its levels.

You collected 411 gold pieces.

Inventory:

Missiles
 a - 82 arrows
Armour
 v - a +2 robe of resistance (melded)
 w - a +0 helmet (melded)
Jewellery
 f - an amulet of rage (around neck)
 q - a ring of flight (right front leg)
 t - a +3 ring of intelligence (left front leg)
Wands
 c - a wand of polymorph (17)
 n - a wand of digging (16)
 r - a wand of disintegration (2)
 y - a wand of acid (4)
Scrolls
 g - 2 scrolls of amnesia {unknown}
 i - a scroll of noise {unknown}
 j - 2 scrolls of fear {unknown}
 k - a scroll of blinking {unknown}
 m - a scroll of magic mapping {unknown}
 s - 6 scrolls of remove curse
 z - a scroll of summoning {unknown}
 A - a scroll of torment {unknown}
 B - 2 scrolls of teleportation {unknown}
Potions
 b - a potion of brilliance
 e - 3 potions of lignification
 h - 3 potions of curing
 l - 2 potions of might
 o - 2 potions of heal wounds
 p - 2 potions of invisibility
 u - a potion of flight
 x - a potion of mutation
 C - a potion of berserk rage {unknown}
Comestibles
 d - 16 rations


   Skills:
 + Level 5.2 Fighting
 + Level 4.4 Short Blades
 + Level 4.4 Long Blades
 + Level 4.4 Axes
 + Level 4.4 Maces & Flails
 + Level 4.4 Polearms
 + Level 4.4 Staves
 + Level 4.4 Slings
 + Level 4.4 Bows
 + Level 4.4 Crossbows
 + Level 4.4 Throwing
 + Level 4.4 Armour
 + Level 6.5 Dodging
 + Level 4.4 Stealth
 + Level 4.4 Shields
 + Level 8.0 Unarmed Combat
 + Level 6.8 Spellcasting
 + Level 3.7 Conjurations
 + Level 3.7 Hexes
 + Level 3.7 Charms
 + Level 3.7 Summonings
 + Level 3.7 Necromancy
 + Level 3.7 Translocations
 + Level 5.3 Transmutations
 + Level 3.7 Fire Magic
 + Level 3.7 Ice Magic
 + Level 3.7 Air Magic
 + Level 3.7 Earth Magic
 + Level 3.7 Poison Magic
 + Level 4.9 Invocations
 + Level 4.4 Evocations


You had 10 spell levels left.
You knew the following spells:

 Your Spells              Type           Power        Failure   Level  Hunger
a - Beastly Appendage     Tmut           ####..       4%          1    None
b - Sticks to Snakes      Tmut           ####....     6%          2    None
c - Spider Form           Tmut/Pois      ####......   12%         3    None
d - Blade Hands           Tmut           ####......   47%         5    #####..


Dungeon Overview and Level Annotations

Branches:
Dungeon (7/15)             Temple (0/1) D:7

Altars:
Gozag
Kikubaaqudgha
Makhleb
Okawaru
Trog
Vehumet
Wu Jian


Innate Abilities, Weirdness & Mutations

Your experience applies equally to all skills.
((You have very sharp teeth.))
Your uncanny sense of smell can sniff out nearby items.


Message History

The stone arrow hits you!
Evoke which item? (* to show all) (? for menu, Esc to quit)
Aiming: Disintegrate
Press: ? - help, Shift-Dir - straight line, f/p - gargoyle
Aim: a gargoyle, wielding a morningstar (lightly damaged, chance to defeat MR: 67%)
The gargoyle struggles to resist.
The gargoyle completely misses you.
Evoke which item? (* to show all) (? for menu, Esc to quit)
Aiming: Disintegrate
Press: ? - help, Shift-Dir - straight line, f/p - gargoyle
Aim: a gargoyle, wielding a morningstar (lightly damaged, chance to defeat MR: 67%)
The gargoyle struggles to resist.
The gargoyle hurls a stone arrow at you.
The stone arrow misses you.
Evoke which item? (* to show all) (? for menu, Esc to quit)
Aiming: Disintegrate
Press: ? - help, Shift-Dir - straight line, f/p - gargoyle
Aim: a gargoyle, wielding a morningstar (lightly damaged, chance to defeat MR: 67%)
The gargoyle struggles to resist.
The gargoyle hits you with a morningstar!!
You die...

###.....................#_#.
#...##...##...###########...
##.###8...8###.############.#
#..# ##...##)#..#.......# #.#
#.###+.....)###.#.......# #.#
#.# #.......#8#)#.......# ##.
#.# +.......'##)#.......# #.
#.##....8....##)#.......# ##
#.##+.......s##.#.......#####
#.#∆#.......#9#.#............
#.###+.....+###.#######.####.
#..#∆##+.+## #..# #.#....
##.###∆## ###.###### #.#.##.
#...#######........# #.#.##.
###.........##.###.###.#.##.
############.###.....#.##.
#...........##.


You could see a gargoyle.

Vanquished Creatures
  A two-headed ogre (D:6)
  Pikel (D:4)
  A gargoyle (D:7)
  Sigmund (D:3)
  2 orc warriors (D:7)
  3 slaves (D:4)
  A phantom (D:4)
  Blork the orc (D:6)
  3 crimson imps
  A jelly (D:6)
  2 hounds
  An orc priest (D:6)
  9 orc wizards
  A bullfrog skeleton (D:3)
  A centaur skeleton (D:5)
  2 iguanas (D:4)
  6 worker ants
  A hound skeleton (D:6)
  A worker ant zombie (D:6)
  11 adders
  A shadow imp (D:6)
  2 oozes
  4 adder skeletons
  2 worms
  7 leopard geckos
  20 orcs
  2 ball pythons
  5 giant cockroaches
  6 hobgoblins
  11 jackals
  5 quokkas
  6 bats
  7 frilled lizards
  9 goblins
  A jackal skeleton (D:5)
  4 kobolds
  A quokka skeleton (D:6)
  4 rats
147 creatures vanquished.

Notes
Turn   | Place    | Note
-------+----------+-------------------------------------------
     0 | D:1      | grindst0ne the Gnoll Transmuter began the quest for the Orb.
     0 | D:1      | Reached XP level 1. HP: 17/17 MP: 6/6
   117 | D:1      | Reached XP level 2. HP: 23/23 MP: 5/7
   656 | D:1      | Reached XP level 3. HP: 26/28 MP: 7/9
   953 | D:2      | Reached skill level 5 in Spellcasting
  1047 | D:2      | Reached skill level 1 in Invocations
  1127 | D:2      | Reached skill level 1 in Short Blades
  1127 | D:2      | Reached skill level 1 in Long Blades
  1127 | D:2      | Reached skill level 1 in Axes
  1127 | D:2      | Reached skill level 1 in Maces & Flails
  1127 | D:2      | Reached skill level 1 in Polearms
  1127 | D:2      | Reached skill level 1 in Staves
  1127 | D:2      | Reached skill level 1 in Slings
  1127 | D:2      | Reached skill level 1 in Bows
  1127 | D:2      | Reached skill level 1 in Crossbows
  1127 | D:2      | Reached skill level 1 in Throwing
  1127 | D:2      | Reached skill level 1 in Armour
  1127 | D:2      | Reached skill level 1 in Stealth
  1127 | D:2      | Reached skill level 1 in Shields
  1127 | D:2      | Reached skill level 1 in Evocations
  1127 | D:2      | Reached XP level 4. HP: 34/34 MP: 9/11
  1158 | D:2      | Learned a level 2 spell: Sticks to Snakes
  1162 | D:2      | Learned a level 3 spell: Spider Form
  1421 | D:2      | Found a burning altar of Makhleb.
  1628 | D:2      | Reached skill level 1 in Conjurations
  1628 | D:2      | Reached skill level 1 in Hexes
  1628 | D:2      | Reached skill level 1 in Charms
  1628 | D:2      | Reached skill level 1 in Summonings
  1628 | D:2      | Reached skill level 1 in Necromancy
  1628 | D:2      | Reached skill level 1 in Translocations
  1628 | D:2      | Reached skill level 1 in Fire Magic
  1628 | D:2      | Reached skill level 1 in Ice Magic
  1628 | D:2      | Reached skill level 1 in Air Magic
  1628 | D:2      | Reached skill level 1 in Earth Magic
  1628 | D:2      | Reached skill level 1 in Poison Magic
  1766 | D:3      | Reached XP level 5. HP: 34/40 MP: 8/12
  2010 | D:3      | Noticed Sigmund
  2076 | D:3      | Killed Sigmund
  2076 | D:3      | Reached skill level 5 in Dodging
  2076 | D:3      | Reached XP level 6. HP: 22/47 MP: 1/14
  2286 | D:3      | You fall through a shaft for 2 floors!
  2286 | D:5      | Entered Level 5 of the Dungeon
  2759 | D:3      | Found a bloodstained altar of Trog.
  2773 | D:3      | Found an iron altar of Okawaru.
  2773 | D:3      | Found an ancient bone altar of Kikubaaqudgha.
  2776 | D:3      | Found an opulent altar of Gozag.
  2777 | D:3      | Found a radiant altar of Vehumet.
  3165 | D:4      | Reached XP level 7. HP: 51/52 MP: 12/15
  3424 | D:4      | Reached skill level 7 in Unarmed Combat
  3912 | D:5      | Noticed Pikel
  3939 | D:4      | Killed Pikel
  3939 | D:4      | Reached XP level 8. HP: 39/60 MP: 15/17
  4742 | D:6      | Noticed a two-headed ogre
  4747 | D:6      | Killed a two-headed ogre
  4747 | D:6      | Reached skill level 5 in Transmutations
  4747 | D:6      | Reached XP level 9. HP: 66/66 MP: 14/18
  5170 | D:6      | Noticed Blork the orc
  5182 | D:6      | Killed Blork the orc
  5532 | D:7      | Found an ornate altar of the Wu Jian Council.
  5550 | D:7      | Reached skill level 5 in Fighting
  6149 | D:7      | Found a staircase to the Ecumenical Temple.
  6236 | D:7      | Noticed a gargoyle
  6245 | D:7      | Killed a gargoyle
  6245 | D:7      | Reached skill level 8 in Unarmed Combat
  6410 | D:7      | Learned a level 5 spell: Blade Hands
  6415 | D:7      | Noticed a gargoyle
  6424 | D:7      | Slain by a gargoyle

Vault maps used:
D:1:      onia_arrival_mini_maze, nrook_loot_triangle
D:2:      lemuel_doored_altar, minmay_tetromino_l2
D:3:      minitemple, first_ration, uniq_sigmund
D:5:      kennysheep_boxes, uniq_pikel
D:6:      uniq_blork_the_orc
D:7:      cheibrodos_statue_roulette, overflow_temple_1_default,
          minmay_temple_entry_junction

Skill      XL: |  1  2  3  4  5  6  7  8  9 |
---------------+----------------------------+-----
Spellcasting   | 5 6 |  6.8
Invocations    | 1 2 3 4 |  4.9
Short Blades   | 1 2 3 4 |  4.4
Long Blades    | 1 2 3 4 |  4.4
Axes           | 1 2 3 4 |  4.4
Maces & Flails | 1 2 3 4 |  4.4
Polearms       | 1 2 3 4 |  4.4
Staves         | 1 2 3 4 |  4.4
Slings         | 1 2 3 4 |  4.4
Bows           | 1 2 3 4 |  4.4
Crossbows      | 1 2 3 4 |  4.4
Throwing       | 1 2 3 4 |  4.4
Armour         | 1 2 3 4 |  4.4
Stealth        | 1 2 3 4 |  4.4
Shields        | 1 2 3 4 |  4.4
Evocations     | 1 2 3 4 |  4.4
Conjurations   | 1 2 3 |  3.7
Hexes          | 1 2 3 |  3.7
Charms         | 1 2 3 |  3.7
Summonings     | 1 2 3 |  3.7
Necromancy     | 1 2 3 |  3.7
Translocations | 1 2 3 |  3.7
Fire Magic     | 1 2 3 |  3.7
Ice Magic      | 1 2 3 |  3.7
Air Magic      | 1 2 3 |  3.7
Earth Magic    | 1 2 3 |  3.7
Poison Magic   | 1 2 3 |  3.7
Fighting       | 3 4 5 |  5.2
Transmutations | 4 5 |  5.3
Dodging        | 5 6 |  6.5
Unarmed Combat | 7 8 |  8.0

Action                   |  1- 3 |  4- 6 |  7- 9 || total
-------------------------+-------+-------+-------++-------
Melee: Unarmed           |    74 |   107 |   241 ||   422
       Kick              |     5 |       |       ||     5
       Bite              |     8 |     1 |     4 ||    13
       Headbutt          |     3 |     1 |       ||     4
       Punch             |     1 |     1 |     2 ||     4
 Cast: Beastly Appendage |    15 |     2 |       ||    17
       Spider Form       |       |    22 |    26 ||    48
       Sticks to Snakes  |       |     1 |       ||     1
Evoke: Wand              |       |       |    13 ||    13
  Use: Scroll            |       |     3 |     5 ||     8
 Stab: Sleeping          |     1 |     4 |     6 ||    11
  Eat: Chunk             |     1 |     5 |     9 ||    15
       Ration            |       |     1 |       ||     1
Armor: Robe              |    12 |     3 |    10 ||    25
       Skin              |       |     6 |     4 ||    10
Dodge: Dodged            |    57 |   100 |   176 ||   333

Table legend:
 A = Spawn XP
 B = Non-spawn XP
 C = Spawn XP percentage of total XP
 D = Spawn monster count
 E = Non-spawn monster count
 F = Spawn count percentage of total count
 G = Total turns spent on level
                    A         B        C        D         E        F      G
               +---------+---------+-------+---------+---------+-------+---------
         Total |       0 |    4107 |   0.0 |       0 |     144 |   0.0 |  6424
               +---------+---------+-------+---------+---------+-------+---------
           D:1 |       0 |      35 |   0.0 |       0 |      21 |   0.0 |   942
           D:2 |       0 |     111 |   0.0 |       0 |      23 |   0.0 |   793
           D:3 |       0 |     387 |   0.0 |       0 |      19 |   0.0 |  1205
           D:4 |       0 |    1028 |   0.0 |       0 |      25 |   0.0 |   911
           D:5 |       0 |     156 |   0.0 |       0 |      16 |   0.0 |   869
           D:6 |       0 |    1484 |   0.0 |       0 |      21 |   0.0 |   721
           D:7 |       0 |     906 |   0.0 |       0 |      19 |   0.0 |   983
               +---------+---------+-------+---------+---------+-------+---------
